Map: 트라이튼 - 래더

Players

Armani - Winner!

  • Race: Zerg Zerg
  • League: Grandmaster
  • Spawn Location: 11:00

Hurricane

  • Race: Protoss Protoss
  • League: Master
  • Spawn Location: 5:00

VOD

Have the link to the VOD?

Description

Time

  • Played on: Jan. 8, 2020, 5:45 a.m.
  • Length: 12:31
Show
View Real Time Build Order
Export as new Build Order

Armani Zerg - Winner!

Build Orders: Hatch First 

Get SALT Encoding   

  12  0:00  Drone  
  13  0:13  Overlord  
  13  0:18  Drone  
  14  0:31  Drone  
  14  0:32  Drone  
  16  0:49  Hatchery  
  15  0:52  Drone  
  15  0:56  Drone  
  17  0:59  Drone  
  18  1:11  Extractor  
  17  1:13  Spawning Pool  
  17  1:17  Drone  
  17  1:20  Drone  
  18  1:29  Drone  
  19  1:39  Drone  
  20  1:50  Overlord  
  20  2:01  Queen x2  
  22  2:02  Zergling x4  
  26  2:10  Metabolic Boost  
  26  2:12  Drone x2  
  28  2:23  Drone  
  29  2:32  Hatchery  
  29  2:35  Drone  
  29  2:36  Drone  
  30  2:39  Drone  
  31  2:45  Queen  
  31  2:49  Drone  
  31  2:50  Drone  
  35  2:56  Overlord  
  35  2:59  Drone  
  36  3:15  Drone  
  36  3:16  Drone x5  
  42  3:24  Overlord  
  44  3:30  Overlord  
  44  3:38  Roach Warren  
  43  3:44  Zergling x8  
  43  3:45  Drone  
  43  3:48  Drone x2  
  50  3:49  Drone  
  50  3:51  Lair  
  50  3:53  Drone  
  53  3:55  Drone  
  53  3:59  Drone x3  
  53  4:00  Extractor, Overlord  
  53  4:01  Extractor  
  52  4:09  Spore Crawler  
  51  4:11  Spore Crawler  
  51  4:14  Spore Crawler  
  51  4:15  Drone x3  
  52  4:17  Drone  
  52  4:22  Drone  
  52  4:23  Drone  
  52  4:24  Drone  
  56  4:25  Drone  
  57  4:37  Drone x2  
  57  4:38  Overlord  
  58  4:42  Queen x2  
  58  4:44  Zergling x8  
  58  4:45  Drone  
  65  4:50  Glial Reconstitution  
  65  4:51  Drone  
  66  4:54  Overseer  
  66  4:55  Overlord  
  66  4:57  Drone x2  
  66  4:59  Extractor, Drone  
  68  5:01  Drone  
  68  5:07  Drone  
  68  5:09  Drone  
  68  5:10  Drone  
  68  5:16  Spire, Drone  
  68  5:17  Drone  
  68  5:23  Drone x3  
  68  5:27  Overlord  
  71  5:28  Drone  
  71  5:29  Overlord  
  71  5:31  Drone  
  71  5:32  Drone  
  71  5:33  Drone  
  75  5:38  Drone  
  75  5:39  Extractor  
  75  5:40  Extractor  
  77  5:42  Roach  
  77  5:43  Roach x3  
  77  5:46  Roach x2  
  84  5:51  Drone x2  
  84  5:53  Overseer  
  84  5:54  Drone x2  
  84  5:55  Drone  
  84  5:56  Drone  
  90  6:03  Drone x2  
  90  6:04  Drone x3  
  94  6:05  Drone x2  
  94  6:06  Drone  
  94  6:08  Overlord  
  98  6:13  Overlord  
  98  6:19  Evolution Chamber  
  97  6:29  Mutalisk x4  
  97  6:32  Mutalisk x4  
  111  6:36  Overlord  
  113  6:43  Hatchery, Overlord  
  113  6:44  Overlord  
  113  6:46  Zerg Melee Weapons Level 1  
  113  6:47  Overlord  
  112  6:55  Mutalisk  
  114  7:03  Mutalisk x3  
  114  7:05  Zergling x4  
  114  7:06  Zergling x8  
  126  7:12  Mutalisk x2  
  130  7:15  Zergling x2  
  130  7:16  Zergling x8  
  130  7:22  Extractor  
  133  7:23  Extractor  
  133  7:25  Mutalisk x2  
  135  7:30  Zergling x6  
  137  7:37  Overlord x3  
  137  7:47  Zerg Flyer Weapons Level 1  
  137  7:50  Drone  
  138  7:55  Mutalisk x4  
  138  7:57  Drone x5  
  151  8:04  Mutalisk  
  153  8:07  Zergling x18  
  164  8:16  Mutalisk x2  
  164  8:19  Overlord x2  
  168  8:20  Overlord  
  152  8:31  Mutalisk x4  
  152  8:36  Hatchery  
  152  8:39  Mutalisk x2  
  152  8:41  Zergling x8  
  157  8:47  Mutalisk x2  
  159  8:49  Zergling x20  
  159  8:52  Overlord  
  159  8:55  Zerg Melee Weapons Level 2  
  168  8:56  Overlord  
  168  8:59  Mutalisk  
  167  9:07  Mutalisk  
  167  9:08  Mutalisk  
  172  9:10  Zergling x4  
  172  9:16  Mutalisk  
  173  9:20  Zergling x22  
  186  9:27  Mutalisk x3  
  192  9:33  Drone x2  
  190  9:40  Hatchery  
  186  9:54  Mutalisk x6  
  186  9:57  Zergling x12  
  200  10:04  Extractor  
  199  10:11  Overseer  
  199  10:12  Pneumatized Carapace  
  199  10:26  Mutalisk  
  156  10:58  Mutalisk x6  
  156  11:00  Mutalisk x4  
  156  11:02  Zergling x8  
  156  11:03  Zergling x42  
  195  11:25  Mutalisk x4  
  197  11:33  Extractor  
  171  11:52  Zergling x38  
  171  11:53  Zergling x8  
  190  12:06  Mutalisk  
  190  12:07  Mutalisk x2  
Show
View Real Time Build Order
Export as new Build Order

Hurricane Protoss 

Build Orders: 1 Gate Expand, Oracle Opening, Zealot Archon 

Get SALT Encoding   

  12  0:00  Probe  
  13  0:12  Probe  
  14  0:20  Pylon  
  14  0:25  Probe  
  15  0:28  Assimilator  
  15  0:38  Probe (Chrono Boost)  
  16  0:44  Gateway  
  16  0:47  Probe (Chrono Boost)  
  17  0:52  Probe (Chrono Boost)  
  18  1:04  Probe  
  19  1:16  Probe  
  20  1:23  Nexus  
  21  1:36  Probe, Cybernetics Core  
  21  1:44  Assimilator  
  21  1:48  Probe  
  21  1:52  Pylon  
  22  2:00  Probe  
  23  2:09  Adept (Chrono Boost)  
  23  2:12  Warp Gate, Probe  
  26  2:19  Stargate  
  26  2:24  Probe  
  27  2:30  Adept (Chrono Boost)  
  27  2:31  Probe  
  27  2:37  Probe  
  31  2:39  Probe  
  32  2:49  Probe x2, Pylon  
  33  2:56  Stalker  
  36  3:01  Oracle (Chrono Boost)  
  39  3:06  Probe  
  39  3:08  Probe  
  41  3:18  Probe  
  42  3:20  Probe, Robotics Facility  
  43  3:30  Probe  
  43  3:32  Probe  
  45  3:43  Probe  
  45  3:44  Probe  
  45  3:46  Assimilator  
  50  3:48  Oracle (Chrono Boost)  
  50  3:50  Gateway  
  50  3:51  Pylon  
  50  3:54  Assimilator  
  50  3:55  Probe  
  51  3:56  Probe  
  51  4:01  Pylon  
  52  4:07  Probe  
  52  4:09  Probe, Zealot  
  57  4:17  Observer  
  57  4:19  Probe  
  57  4:23  Nexus  
  57  4:24  Probe  
  57  4:28  Pylon  
  58  4:41  Probe  
  59  4:46  Pylon  
  59  4:47  Probe  
  59  4:48  Immortal  
  64  4:54  Sentry  
  64  4:55  Sentry  
  64  4:59  Probe  
  69  5:00  Twilight Council  
  69  5:02  Forge  
  69  5:05  Probe  
  70  5:11  Probe  
  69  5:21  Probe  
  69  5:23  Probe, Gateway  
  69  5:24  Gateway  
  69  5:25  Sentry x2  
  69  5:27  Blink (Chrono Boost)  
  69  5:28  Pylon  
  74  5:33  Protoss Ground Weapons Level 1 (Chrono Boost), Warp Prism  
  74  5:37  Probe  
  74  5:38  Probe  
  74  5:39  Probe  
  77  5:50  Probe  
  77  5:51  Probe  
  77  5:53  Probe  
  77  5:54  Zealot  
  82  6:04  Gateway  
  82  6:05  Probe  
  82  6:06  Probe, Pylon  
  82  6:07  Gateway  
  84  6:12  Probe  
  85  6:20  Gateway  
  85  6:22  Gateway  
  85  6:24  Immortal (Chrono Boost)  
  86  6:26  Probe x2  
  86  6:27  Probe  
  89  6:33  Stalker x3  
  89  6:38  Pylon  
  95  6:44  Photon Cannon  
  95  6:49  Photon Cannon  
  95  6:50  Pylon  
  95  6:51  Stalker  
  97  6:56  Probe x3  
  99  7:03  Pylon, Observer (Chrono Boost)  
  99  7:04  Templar Archives  
  99  7:05  Stalker x2  
  99  7:06  Phoenix (Chrono Boost)  
  106  7:11  Assimilator  
  106  7:13  Assimilator  
  106  7:23  Stalker x3  
  106  7:24  Stalker x2  
  106  7:27  Charge (Chrono Boost)  
  116  7:33  Phoenix (Chrono Boost)  
  118  7:42  Shield Battery  
  118  7:43  Photon Cannon  
  118  7:50  Zealot x2  
  120  7:52  High Templar  
  120  7:53  High Templar  
  120  7:55  Phoenix (Chrono Boost), Pylon  
  120  7:57  Archon  
  120  7:58  Pylon  
  126  8:01  Photon Cannon  
  126  8:02  Shield Battery  
  126  8:03  Pylon  
  126  8:04  Zealot x4  
  126  8:05  Protoss Ground Weapons Level 2  
  132  8:33  Stargate  
  124  8:43  Stargate  
  124  8:46  Zealot x2  
  124  8:48  Zealot x5  
  136  8:50  Zealot  
  134  9:04  Fleet Beacon  
  134  9:09  Stalker x2  
  136  9:10  High Templar  
  136  9:11  High Templar  
  136  9:12  Stalker x2  
  136  9:13  Zealot  
  136  9:14  Pylon, Zealot  
  148  9:17  Archon  
  148  9:19  Photon Cannon  
  148  9:20  Shield Battery  
  148  9:22  Pylon  
  148  9:28  Pylon  
  145  9:34  Pylon  
  145  9:36  Pylon  
  145  9:39  Phoenix (Chrono Boost)  
  145  9:43  Stalker  
  137  9:45  Phoenix (Chrono Boost)  
  137  9:46  Stalker x2  
  134  9:56  Phoenix (Chrono Boost)  
  134  9:59  Anion Pulse-Crystals (Chrono Boost)  
  136  10:01  Probe x3  
  136  10:06  Photon Cannon  
  141  10:08  Phoenix (Chrono Boost)  
  141  10:14  Pylon  
  141  10:28  Phoenix (Chrono Boost)  
  141  10:31  Pylon  
  141  10:33  Pylon  
  143  10:37  Zealot  
  135  10:44  Phoenix (Chrono Boost)  
  135  10:46  Stalker  
  135  10:47  Stalker x2  
  122  11:02  Phoenix (Chrono Boost), Photon Cannon  
  124  11:04  Stargate  
  124  11:07  High Templar x2  
  127  11:15  Archon, Pylon  
  124  11:18  Phoenix (Chrono Boost)  
  126  11:30  Phoenix (Chrono Boost)  
  122  11:40  Phoenix (Chrono Boost)  
  96  11:50  Sentry, Zealot  
  90  11:56  Pylon  
  90  11:58  Pylon  
Tags
 
Add a new tag
Caveats
  • Supply blocks, unpowered buildings, or Contaminate may cause inaccurate times.
  • Supply counts are checked every 10 seconds.